← All builds
Front / Cortex / Economy first / OBSERVED BUILD

Lasher skirmishers

Vehicle Plant opens instead of Bot Lab, and by 2:08 the player commits to Lasher missile trucks (with early Incisor raiding) that push straight to middle and fight there, well ahead of the role's usual T2 constructor timing.

#raid #artillery #push · 17 distinct matches · 11 players · 7% of Cortex Front games · team won 59% of 17 · Recently observed

THE CATCH, AND WHAT COMES WITH IT
  • LasherT1 vehicle skirmishers from 2:08 · 9% of role by thenFrom the Vehicle Plant. Only 9% of Front games have it by then; others who build it get it around 2:33
  • Vehicle PlantVehicle Plant in 100%25% of all Front games by then
  • IncisorIncisor in 100%24% of all Front games by then
  • LasherLasher in 82%8% of all Front games by then
  • IncisorIncisor in 47%13% of all Front games by then

Where those units first fight, in 17 games with kill data: in the middle 100%.

Those units destroy a typical 2,421 metal of enemy units by 15:00.

Then transitions into incisor (18% of army), brute (9% of army).

HOW TO PLAY IT

Key timing: Vehicle Plant by 0:42, Lasher line from 2:08

  1. Skip bot lab, open vehicle plant immediately instead.
  2. Push Incisor raiders out fast before committing further.
  3. Bring Lasher skirmishers to middle far ahead of role norm.
  4. Layer guards and extra mex to hold the wider front.
  5. Transition into Brute-led T1 vehicle assault composition.

Phase by phase

TYPICAL OF ITS 17 GAMES · AGAINST STANDARD FRONT
  1. 1
  2. 2
  3. 3
  4. 4
PLAY THE OPENING

Follow the example game's first 6:00 step by step: what to build now, what comes next, and where it goes. At 1× it keeps pace with your own game.

  1. 1

    Up to the Vehicle Plant

    Economy
    • Metal Extractor2Mex
    Order
    1. Vehicle PlantVehicle Plant after 2 mexdone ~0:48, middle half 0:28–0:51

    Some games also: wind (47%)

    By 0:23 in all: 2 mex

    The example game in this phase · 2 steps
    1. Mex ×3
    2. Vehicle PlantVehicle Plantdone 0:51 · typical 0:48
  2. 2

    Vehicle Plant to T1 vehicle skirmishers

    Economy
    • Metal Extractor3Mex
    • Wind Turbine1Wind
    Order
    1. LasherT1 vehicle skirmishers after 5 mex, 2 wind
    Builders
    • Construction Vehicle3 Con vehicle +3 vs standard
    Army
    • Rascal4 Rascal +4 vs standard
    • Incisor1 Incisor

    Some games also: pounder (47%)

    The standard build makes here, this one skips: 2 con bot · 3 grunt · 2 thug

    By 2:08 in all: 5 mex · 2 wind

    The example game in this phase · 7 steps
    1. RascalRascal
    2. Wind ×2
    3. RascalRascal
    4. PounderPounder
    5. Wind ×2
    6. PounderPounder
    7. LasherLasherdone 1:52
  3. 3

    T1 vehicle skirmishers to 5:00

    Economy
    • Metal Extractor2Mex
    • Wind Turbine4Wind+2 vs standard
    Builders
    • Construction Turret1 Con turret
    Army
    • Guard2 Guard
    • Lasher9 Lasher +9 vs standard

    Some games also: Twin Guard (35%) · con vehicle (35%)

    The standard build makes here, this one skips: 3 aggravator · 3 thug

    By 5:00 in all: 6 mex · 7 wind (standard 5) · 1 con turret

    The example game in this phase · 17 steps
    1. Construction VehicleCon vehicle ×2
    2. LasherLasher
    3. Mex
    4. WolverineWolverine
    5. Mex
    6. WolverineWolverine ×2
    7. GuardGuard
    8. LasherLasher
    9. GuardGuard
    10. LasherLasher ×2
    11. Mex
    12. LasherLasher
    13. WolverineWolverine
    14. BruteBrute
    15. Mex
    16. BruteBrute
    17. GuardGuard ×2
  4. 4

    5:00 to 10:00

    Economy
    • Metal Extractor1Mex
    • Wind Turbine16Wind
    • Energy Storage1Energy storage
    Builders
    • Construction Turret3 Con turret
    • Construction Vehicle2 Con vehicle +2 vs standard
    Army
    • Guard2 Guard
    • Lasher5 Lasher +5 vs standard
    • Incisor1 Incisor
    Other
    • Radar Tower1 Radar Tower

    Some games also: advanced solar (41%) · brute (35%) · Dragon's Teeth (35%)

    The standard build makes here, this one skips: 7 grunt

    By 10:00 in all: 7 mex · 18 wind · 1 energy storage · 3 con turret

    The example game in this phase · 125 steps
    1. BruteBrute ×3
    2. Solar
    3. Construction VehicleCon vehicle ×2
    4. GuardGuard
    5. BruteBrute
    6. Con turret
    7. Radar TowerRadar Tower
    8. Wind ×2
    9. BruteBrute
    10. Wind ×2
    11. Mex
    12. Wind
    13. Con turret
    14. BruteBrute
    15. GuardGuard
    16. Wind ×3
    17. BruteBrute
    18. Energy storage
    19. Wind
    20. GuardGuard
    21. Wind
    22. BruteBrute
    23. Wind
    24. Mex
    25. BruteBrute
    26. JellyfishJellyfish
    27. Con turret
    28. Wind ×2
    29. BruteBrute
    30. Advanced Metal ExtractorT2 mexdone 8:28 · typical 8:55
    31. Wind ×3
    32. BruteBrute
    33. Wind ×3
    34. BruteBrute
    35. Advanced Metal ExtractorT2 mex
    36. Wind ×2
    37. BruteBrute
    38. Wind
    39. ThistleThistle
    40. GuardGuard
    41. BruteBrute
    42. Wind ×3
    43. GuardGuard
    44. Advanced Metal ExtractorT2 mex
    45. Wind ×2
    46. GuardGuard
    47. BruteBrute
    48. Twin GuardTwin Guard
    49. Wind
    50. BruteBrute
    51. Wind
    52. GuardGuard
    53. Wind
    54. BruteBrute
    55. Advanced Metal ExtractorT2 mex
    56. Wind ×3
    57. GuardGuard
    58. BruteBrute
    59. Wind
    60. BruteBrute
    61. Wind ×2
    62. BruteBrute
    63. Wind ×2
    64. BruteBrute
    65. Construction VehicleCon vehicle
    66. Wind
    67. Construction VehicleCon vehicle
    68. Wind
    69. BruteBrute
    70. Wind
    71. BruteBrute
    72. Wind
    73. BruteBrute
    74. Wind
    75. Advanced Metal ExtractorT2 mex
    76. BruteBrute
    77. Wind
    78. BruteBrute
    79. Wind
    80. BruteBrute
    81. Twin GuardTwin Guard
    82. BruteBrute ×3
    83. Twin GuardTwin Guard
    84. Advanced Metal ExtractorT2 mex
    85. BruteBrute ×3
    86. Twin GuardTwin Guard
    87. BruteBrute
    88. Energy storage
    89. BruteBrute
    90. Twin GuardTwin Guard
    91. Energy storage
    92. BruteBrute
    93. Advanced Metal ExtractorT2 mex
    94. Energy storage
    95. BruteBrute
    96. Twin GuardTwin Guard
    97. Con turret
    98. BruteBrute
    99. Con turret
    100. Twin GuardTwin Guard
    101. BruteBrute
    102. Radar TowerRadar Tower
    103. BruteBrute
    104. Twin GuardTwin Guard
    105. IncisorIncisor
    106. Twin GuardTwin Guard
    107. IncisorIncisor
    108. Advanced Metal ExtractorT2 mex
    109. IncisorIncisor ×4
    110. Con turret
    111. Twin GuardTwin Guard
    112. IncisorIncisor
    113. BruteBrute
    114. Twin GuardTwin Guard
    115. BruteBrute ×3
    116. Twin GuardTwin Guard
    117. BruteBrute ×4
    118. Con turret
    119. BruteBrute ×5
    120. Twin GuardTwin Guard
    121. BruteBrute ×2
    122. Fusion ReactorFusionnot finished by 15:00
    123. TracerTracer
    124. Twin GuardTwin Guard
    125. BruteBrute

Counts are medians over the build's games: half of them build more, half fewer. The example game is Kcorp's (46 OS, 10/08/2026); pick another.

Team trades

IN AT LEAST 30% OF ITS GAMES

You hand over

Nothing regular.

You get

  • Tidal Generator4 Tidal from Pondfirst at 0:15 · in 71% of games
  • Advanced Construction Bot1 T2 con bot from Geo or Techfirst at 7:21 · in 71% of games

How it plays out

Typical game of this build against the role’s standard build, running totals by minute

  • This build
  • Standard front

Metal produced

010k20k30k
0:005:0010:0015:00

metal

Enemy metal destroyed

02.5k5k7.5k
0:005:0010:0015:00

metal

Own metal lost

05k10k
0:005:0010:0015:00

metal

17 games.

Show as table
ByMetal produced: This buildMetal produced: Standard frontEnemy metal destroyed: This buildEnemy metal destroyed: Standard frontOwn metal lost: This buildOwn metal lost: Standard front
1:003313310000
2:008958640000
3:0016651632718512086
4:0028212697292352250348
5:0038813807761950505947
6:00496250691191170410081785
7:00599464032050258114272693
8:00714876932544332715483737
9:00828690813516392020474434
10:009754108054190442428045184
11:0011345127354190508233835966
12:0013332149454361529741447104
13:0016096173244485594759577675
14:0019203197285034633171368778
15:0022084225285572690171369802
WHAT THE NUMBERS SAY

Won more often than the standard build while losing dramatically less metal for slightly less destruction.

  • + Own metal lost less than half the standard build by 10:00 and 15:00.
  • + Team win rate well above the role's standard build.
  • − Enemy metal destroyed slightly trails standard at every checkpoint.
  • − Rare opening, only 9% of role games hit Lasher this early.
THE EXAMPLE YOU ARE READING

Kcorp

46.3 OS · 10/08/2026

Open source match ↗

6 received units · includes a constructor
227 metal received · 61914 energy received

Allied construction assistance is unknown. Timings are observations, not a promise of solo reproducibility.

Typical milestones

Vehicle Plant0:48Middle 50%: 0:28–0:51 · n=17
Advanced Metal Extractor8:55Middle 50%: 8:33–10:07 · n=14

Played most by

_X_4games of this buildErilium3games of this buildMischievousDragonGF2games of this build_Hawkey_1game of this build[crd]sisa1game of this build